 Dungeon Crawl Stone Soup version 0.29.1-12-g30fa7ad0bf (webtiles) character file.

Game seed: 3824772535089662966

109602 112233 the Stormcaller (level 16, -1/99 HPs)
             Began as a Tengu Air Elementalist on Dec 18, 2022.
             Was an Initiate of Gozag.
             Hit by a silver javelin thrown by a merfolk javelineer (16 damage)
             ... summoned by the player character
             ... on level 3 of the Shoals.
             The game lasted 00:43:53 (48933 turns).

112233 the Stormcaller (Tengu Air Elementalist)    Turns: 48933, Time: 00:43:53

Health: -1/99      AC:  7    Str: 10    XL:     16   Next: 52%
Magic:  47/47      EV: 22    Int: 29    God:    Gozag
Gold:   3017       SH:  0    Dex: 16    Spells: 19/49 levels left

rFire   + . .      SeeInvis .   j - staff of air
rCold   . . .      Faith    .   (no shield)
rNeg    . . .      Spirit   .   h - +2 robe {Archmagi}
rPois   +          Reflect  .   F - +2 hat
rElec   +          Harm     .   (no cloak)
rCorr   .          Rampage  .   a - +0 pair of gloves
Will    +....      Archmagi +   (boots unavailable)
Stlth   +++.......              L - amulet of regeneration
HPRegen 1.06/turn               e - ring "Wuechucala" {rPois rF+ Int+6 Dex+2 Stlth+}
MPRegen 0.30/turn               n - ring of magical power

@: lethally poisoned (-1 -> -2), gold aura, flying quickly and evasively,
mesmerised, studying Staves, quick
A: beak, talons 3, nimble flight
a: Renounce Religion, Potion Petition, Call Merchant, Bribe Branch


You were on level 3 of the Shoals.
You worshipped Gozag.
Gozag was most pleased with you.
You visited 6 branches of the dungeon, and saw 27 of its levels.

You collected 9090 gold pieces.
You spent 3384 gold pieces at shops.
You paid 2689 gold pieces to Gozag.

Inventory:

Hand Weapons
 H - the +3 glaive of Resumed Hostilities {vorpal, Str+4 Int+4 Dex+4}
   (You found it on level 6 of the Dungeon)

   It inflicts extra damage upon your enemies.
   Str:       It affects your strength (+4).
   Int:       It affects your intelligence (+4).
   Dex:       It affects your dexterity (+4).
Missiles
 y - 5 throwing nets
 X - 3 silver javelins
Armour
 a - a +0 pair of gloves (worn)
 h - a +2 robe of the Archmagi (worn)
 k - the +18 shield of the Gong {rElec rN+ Will+ EV-5}
   (You found it on level 15 of the Dungeon)

   It is deafeningly noisy when blocking attacks.
   EV:        It affects your evasion (-5).
   rElec:     It insulates you from electricity.
   rN:        It protects you from negative energy.
   Will:      It increases your willpower.
 l - a +2 robe of resistance
 F - a +2 hat (worn)
 G - a +0 buckler
 T - an orb of light
Magical Staves
 c - a staff of death
 j - a staff of air (weapon)
 O - a staff of conjuration
Jewellery
 e - the ring "Wuechucala" (left hand) {rPois rF+ Int+6 Dex+2 Stlth+}
   (You acquired it on level 4 of the Lair of Beasts)

   [ring of intelligence]

   Int:       It affects your intelligence (+6).
   Dex:       It affects your dexterity (+2).
   rF:        It protects you from fire.
   rPois:     It protects you from poison.
   Stlth:     It makes you more stealthy.
 n - a ring of magical power (right hand)
 p - a ring of see invisible
 A - a ring of protection from fire
 L - an amulet of regeneration (around neck)
 U - the ring of Immorality {rElec SInv}
   (You found it on level 13 of the Dungeon)

   [ring of see invisible]

   rElec:     It insulates you from electricity.
   SInv:      It lets you see invisible.
Wands
 x - a wand of polymorph (10)
 C - a wand of charming (9)
 D - a wand of digging (9)
 J - a wand of flame (13)
 Y - a wand of mindburst (8)
Scrolls
 f - 2 scrolls of immolation
 o - 2 scrolls of vulnerability
 q - 7 scrolls of amnesia
 s - 5 scrolls of enchant armour
 t - a scroll of identify
 w - 5 scrolls of magic mapping
 K - 6 scrolls of poison
 Q - a scroll of torment
 S - a scroll of silence
 V - 3 scrolls of enchant weapon
Potions
 b - a potion of magic
 d - 8 potions of lignification
 g - 7 potions of brilliance
 i - 2 potions of haste
 r - 3 potions of curing
 u - 4 potions of might
 v - 6 potions of degeneration
 z - 3 potions of attraction
 B - 3 potions of ambrosia
 E - 4 potions of mutation
 I - 3 potions of cancellation
 M - 3 potions of invisibility
 W - a potion of heal wounds
Miscellaneous
 R - a tin of tremorstones (2/2)


   Skills:
 + Level 10.9 Fighting
 + Level 4.1 Staves
 + Level 12.0 Dodging
 - Level 2.0 Stealth
 + Level 6.3 Shields
 + Level 17.3 Spellcasting
 - Level 1.3 Conjurations
 + Level 19.1 Air Magic
 + Level 4.4 Evocations


You had 19 spell levels left.
You knew the following spells:

 Your Spells              Type           Power      Damage    Failure   Level
a - Summon Lightning Spi  Summ/Air       100%       N/A       1%          4
b - Lightning Bolt        Conj/Air       56%        1d78      1%          5
c - Airstrike             Air            70%        2d(11-27) 0%          4
d - Swiftness             Air            100%       N/A       0%          3
e - Shock                 Conj/Air       100%       1d9       1%          1
f - Static Discharge      Conj/Air       100%       3-16/arc  1%          2
g - Silence               Hex/Air        55%        N/A       1%          5
h - Conjure Ball Lightni  Conj/Air       56%        3x3d20    4%          6

Your spell library contained the following spells:

 Spells                   Type           Power      Damage    Failure   Level
 Beastly Appendage        Tmut           74%        N/A       1%          1
 Foxfire                  Conj/Fire      100%       2x1d9     1%          1
 Freeze                   Ice            100%       1d11      1%          1
 Sandblast                Erth           74%        2d16      1%          1
 Poisonous Vapours        Pois/Air       100%       N/A       1%          2
 Ensorcelled Hibernation  Hex/Ice        74%        N/A       2%          2
 Passwall                 Tmut/Erth      30%        N/A       2%          2
 Wereblood                Tmut           37%        N/A       2%          2
 Conjure Flame            Conj/Fire      43%        6-21      4%          3
 Dazzling Flash           Conj/Hex       86%        N/A       4%          3
 Stone Arrow              Conj/Erth      86%        3d12      4%          3
 Call Canine Familiar     Summ           37%        N/A       5%          3
 Frozen Ramparts          Ice            74%        1d12      5%          3
 Inner Flame              Hex/Fire       37%        N/A       5%          3
 Portal Projectile        Hex/Tloc       74%        N/A       5%          3
 Spider Form              Tmut/Pois      37%        N/A       5%          3
 Tukima's Dance           Hex            37%        N/A       5%          3
 Flame Wave               Conj/Fire      43%        2d11      13%         4
 Hailstorm                Conj/Ice       43%        3d10      13%         4
 Sticky Flame             Conj/Fire      43%        2d6       13%         4
 Anguish                  Hex/Necr       18%        N/A       17%         4
 Animate Armour           Summ/Erth      74%        N/A       17%         4
 Cause Fear               Hex            18%        N/A       17%         4
 Dispel Undead            Necr           37%        3d15      17%         4
 Ice Form                 Ice/Tmut       37%        N/A       17%         4
 Leda's Liquefaction      Hex/Erth       18%        N/A       17%         4
 Passage of Golubria      Tloc           37%        N/A       17%         4
 Iskenderun's Battlesphe  Conj           49%        2d10      28%         5
 Fireball                 Conj/Fire      21%        3d10      36%         5
 Agony                    Necr           37%        N/A       43%         5
 Blade Hands              Tmut           18%        N/A       43%         5
 Borgnjor's Vile Clutch   Necr/Erth      18%        N/A       43%         5
 Yara's Violent Unravell  Hex/Tmut       18%        3d9       43%         5
 Death Channel            Necr           18%        N/A       95%         6
 Orb of Destruction       Conj           24%        9d9       100%        7
 Discord                  Hex            18%        N/A       100%        8
 Ignition                 Fire           18%        3d7       100%        8
 Infestation              Necr           18%        N/A       100%        8
 Lehudib's Crystal Spear  Conj/Erth      21%        10d6      100%        8
 Chain Lightning          Conj/Air       56%        3d75      100%        9
 Fire Storm               Conj/Fire      21%        8d6       100%        9
 Shatter                  Erth           18%        3d17*     100%        9
 Corpse Rot               Necr/Pois/Air  Unusable   N/A       N/A         4
 Animate Dead             Necr           Unusable   N/A       N/A         4
 Simulacrum               Ice/Necr       Unusable   N/A       N/A         6

Dungeon Overview and Level Annotations

Branches:
Dungeon (15/15)            Temple (1/1) D:6            Lair (5/5) D:9
 Shoals (3/4) Lair:3       Spider (0/4) Lair:3        Slime (0/5) Lair:4
    Orc (2/2) D:12            Elf (1/3) Orc:2        Vaults (0/5) D:13
 Depths (0/4) D:15

Altars:
Cheibriados
Dithmenos
Fedhas
Gozag
Hepliaklqana
Kikubaaqudgha
Nemelex Xobeh
Okawaru
Sif Muna
Trog
Uskayaw
Vehumet
Zin
The Shining One
Jiyva

Shops:
D:4 [   D:6 [   D:7 (!   D:8 *   Orc:2 [[?:   Shoals:3 *

Annotations:
D:3 2 runed translucent doors, jaiteiro's ghost, amateur MiFi
D:7 1 runed translucent door, Crazy Yiuf
Lair:2 1 exclusion
Lair:3 exclusion: upstairs
Shoals:3 Ilsuiw


Innate Abilities, Weirdness & Mutations

You have a beak for a mouth.
You have claws for feet.
Your magical nature lets you fly swiftly and evasively.


Message History

Your merfolk misses the merfolk.
Your merfolk javelineer throws a silver javelin.
The silver javelin pierces through the merfolk siren!
The silver javelin pierces through you!
* * * LOW HITPOINT WARNING * * *
x2 The silver javelin closely misses your merfolk siren.
Okay, then. [a] - 351 gold - heal wounds and magic [b] - 420 gold - haste and heal wounds [c] - 814 gold - resistance, might, haste, heal wounds, curing and berserk rage Purchase which effect?
You feel much better. Magic courses through your body.
You feel sick.
The faun seems to regain its courage.
The harpy is no longer distracted by gold.
Something hits you. Something freezes you.
The merfolk javelineer throws a javelin.
The javelin pierces through your cyclops!!
The javelin barely misses you.
The javelin pierces through your merfolk siren!!
The merfolk siren chants its luring song.
The merfolk impaler closely misses your merfolk javelineer.
The merfolk hits you from afar with a +1 trident of venom!
* * * LOW HITPOINT WARNING * * *
The merfolk throws a boomerang.
The boomerang completely misses you.
The faun is distracted by your dazzling golden aura.
The faun shoots a sling bullet.
The sling bullet misses you.
The faun is distracted by your dazzling golden aura.
The merfolk impaler hits your merfolk javelineer with a +0 trident!!
Your merfolk closely misses the merfolk impaler.
The faun unwields a +0 spear.
The faun wields a +0 sling.
The faun shoots a sling bullet.
The sling bullet hits your merfolk!
Your merfolk siren misses the merfolk.
Your dream sheep bites the merfolk impaler!
Your merfolk completely misses the merfolk.
Your merfolk javelineer throws a silver javelin.
The silver javelin pierces through the merfolk siren!!
The merfolk siren dies!
The silver javelin pierces through you!
You die...
Your body crumbles into a pile of gold.

~~≈≈≈≈≈≈≈≈~~~~.
~~≈≈≈≈≈≈≈≈~~.#
~~~~~≈≈≈≈≈~~.#
~~~~~≈≈≈≈≈≈~.#
~c~~~~~~~≈~~$##
~~~m~~~~~~~~~..
~c~~~m~~~~~~~~.
~~~~~~mm~~~~~~~
~~c~~..@${~~~~~
.~~~~m.$Y.~~~~~
.~~~...mYC~~~~~
.~c~....mm.~~~~
~~cH~mm##..~##~
~~~~~.. .ct⌠#
.≈~.~..~~~~~~~~.
.m.m#
~~~~....~~~~~~~~
.m.⌠#
.H~$.$..~~~~


You could see a merfolk avatar (summoned, mesmerising), 2 merfolk impalers, a
merfolk javelineer, a satyr (fleeing), a snapping turtle (summoned), 4 merfolk,
5 fauns, a harpy (fleeing), a friendly merfolk javelineer (summoned), 3 friendly
merfolk, a friendly cyclops (summoned), a friendly merfolk siren (summoned) and
2 friendly dream sheep.

Vanquished Creatures
  Jorgrun (D:13)
  Rupert (D:15)
  Frances (D:12)
  Polyphemus (Shoals:2)
  Gastronok (D:8)
  3 orc warlords
  A stone giant (D:15)
  2 dire elephants (Lair:5)
  A merfolk javelineer (Shoals:3)
  A merfolk impaler (Shoals:1)
  3 boulder beetles
  6 hydras
  6 centaur warriors
  A catoblepas (Shoals:2)
  An alligator snapping turtle (Shoals:2)
  A merfolk avatar (Shoals:3)
  Erica (D:10)
  2 two-headed ogres
  A merfolk aquamancer (Shoals:3)
  A death yak (Shoals:2)
  3 tengu warriors
  An orc high priest (Orc:2)
  2 sea snakes (Shoals:1)
  A spectral anaconda (Lair:5)
  A wizard (D:14)
  An obsidian statue (Lair:5)
  5 deep elf pyromancers
  A deep elf zephyrmancer (D:13)
  2 necromancers (Lair:5)
  5 orc knights
  15 ugly things
  A wolf spider (D:13)
  2 fauns (Shoals:2)
  2 orc sorcerers (Orc:2)
  7 manticores
  4 elephants (Lair:5)
  4 cyclopes
  3 merfolk sirens
  A vault sentinel (D:15)
  A guardian serpent (D:11)
  A dire elephant zombie (Lair:5)
  Joseph (D:10)
  A torpor snail (Lair:2)
  2 black mambas
  3 gargoyles
  10 cane toads
  10 komodo dragons
  2 dire elephant skeletons (Lair:5)
  2 rime drakes (Lair:4)
  3 unseen horrors
  An efreet (D:15)
  A freezing wraith (D:15)
  A tengu conjurer (D:14)
  A polar bear (Lair:4)
  12 merfolk
  4 meliai
  10 trolls
  A wind drake (Shoals:2)
  8 blink frogs
  8 hornets
  6 snapping turtles
  A spectral elephant (Lair:5)
  7 slime creatures
  7 dream sheep (Lair:2)
  A centaur simulacrum (D:15)
  3 wyverns
  9 water elementals
  2 wraiths
  A dire elephant simulacrum (Lair:5)
  7 basilisks
  26 yaks
  Eustachio (D:6)
  2 steam dragons
  5 vampire mosquitoes
  2 spectral cane toads (Lair:5)
  A death yak simulacrum (Lair:5)
  An acid dragon (D:13)
  2 wargs
  15 water moccasins
  38 orc warriors
  4 ice beasts
  A black bear (D:8)
  A sky beast (D:7)
  12 ogres
  17 wolves
  10 centaurs
  An elephant skeleton (Lair:5)
  2 phantoms
  4 kobold brigands
  2 gnoll sergeants
  15 bullfrogs
  A necrophage (D:4)
  2 scorpions
  8 wights (D:7)
  14 killer bees
  6 howler monkeys
  5 hounds
  6 jellies
  20 orc priests
  2 iguanas
  19 orc wizards
  14 gnolls
  8 adders
  2 river rats (D:5)
  A shadow imp (D:6)
  13 white imps
  2 ufetubi
  9 worms
  2 dart slugs
  65 orcs
  9 ball pythons
  5 bats
  4 endoplasms
  2 giant cockroaches
  10 goblins
  9 hobgoblins
  11 jackals
  7 quokkas
  6 frilled lizards
  30 kobolds
  8 rats
686 creatures vanquished.

Vanquished Creatures (collateral kills)
  An orc warlord (Orc:2)
  2 dire elephants (Lair:5)
  A boulder beetle (D:15)
  An ogre mage (D:13)
  A merfolk avatar (Shoals:1)
  An alligator snapping turtle (Shoals:2)
  A death yak (Shoals:2)
  A sea snake (Shoals:1)
  A necromancer (Lair:5)
  A harpy (Shoals:3)
  A cyclops (Orc:2)
  2 ugly things (D:15)
  An elephant (Lair:5)
  A vault sentinel (D:15)
  A merfolk siren (Shoals:3)
  A troll (Orc:2)
  2 meliai (D:15)
  2 meliai (shapeshifter)
  2 merfolk
  A snapping turtle (Shoals:1)
  A dire elephant simulacrum (Lair:5)
  8 yaks
  2 wargs
  An acid dragon (D:12)
  2 water moccasins
  8 orc warriors
  2 ogres (Orc:2)
  6 centaurs
  4 orc priests
  An orc wizard (Orc:1)
  15 orcs
75 creatures vanquished.

Vanquished Creatures (others)
  A deep elf knight (D:13)
  An ugly thing (D:15)
  An orc wizard (Orc:2)
  27 fungi
  18 plants
  4 toadstools (D:1)
  31 withered plants (Lair:5)
83 creatures vanquished.

Grand Total: 844 creatures vanquished

Notes
Turn   | Place    | Note
-------+----------+-------------------------------------------
     0 | D:1      | 112233 the Tengu Air Elementalist began the quest for the
                  | Orb.
     0 | D:1      | Reached XP level 1. HP: 10/10 MP: 4/4
    52 | D:1      | Reached XP level 2. HP: 12/15 MP: 0/6
   318 | D:1      | Reached skill level 5 in Air Magic
   943 | D:1      | Reached XP level 3. HP: 17/19 MP: 2/7
  1512 | D:2      | Found a faded altar of an unknown god.
  1597 | D:2      | Found a shadowy altar of Dithmenos.
  1975 | D:2      | Reached skill level 6 in Air Magic
  2166 | D:2      | Learned a level 2 spell: Static Discharge
  2170 | D:2      | Learned a level 3 spell: Swiftness
  2255 | D:2      | Reached XP level 4. HP: 24/24 MP: 4/8
  2587 | D:3      | You fall into a shaft and drop 2 floors!
  2587 | D:5      | Entered Level 5 of the Dungeon
  2630 | D:5      | Reached skill level 7 in Air Magic
  2697 | D:5      | Noticed a phantom
  2713 | D:5      | Killed a phantom
  2714 | D:5      | Gained mutation: Your magical nature lets you fly swiftly
                  | and evasively. [Tengu growth]
  2714 | D:5      | Reached XP level 5. HP: 20/28 MP: 0/9
  2863 | D:5      | Reached skill level 8 in Air Magic
  3006 | D:4      | Reached XP level 6. HP: 30/32 MP: 0/10
  3208 | D:3      | Found a large runed translucent door.
  3223 | D:3      | Found a large runed translucent door.
  3225 | D:3      | Noticed jaiteiro's ghost (amateur MiFi)
  3512 | D:3      | Reached skill level 9 in Air Magic
  3738 | D:3      | Found a bloodstained altar of Trog.
  4477 | D:4      | Reached skill level 10 in Air Magic
  4477 | D:4      | Reached XP level 7. HP: 33/36 MP: 2/11
  4597 | D:4      | Found Zeics's Armour Shop.
  5246 | D:5      | Reached skill level 11 in Air Magic
  5872 | D:5      | Reached skill level 12 in Air Magic
  5872 | D:5      | Reached XP level 8. HP: 41/41 MP: 6/12
  6615 | D:5      | Learned a level 4 spell: Airstrike
  6630 | D:5      | Reached skill level 13 in Air Magic
  7115 | D:5      | Found a hazy altar of Hepliaklqana.
  7652 | D:6      | Found Naras's Antique Armour Boutique.
  8561 | D:6      | Reached XP level 9. HP: 45/45 MP: 7/16
  8719 | D:6      | Identified the +3 glaive of Resumed Hostilities {vorpal,
                  | Str+4 Int+4 Dex+4}
  9055 | D:6      | Noticed Eustachio
  9060 | D:6      | Killed Eustachio
  9061 | D:6      | Reached skill level 5 in Spellcasting
  9244 | D:6      | Found a staircase to the Ecumenical Temple.
  9250 | Temple   | Entered the Ecumenical Temple
  9259 | Temple   | Became a worshipper of Gozag Ym Sagoz the Greedy
  9758 | D:7      | Found a glowing silver altar of Zin.
  9850 | D:7      | Reached skill level 14 in Air Magic
 10027 | D:7      | Found Bium's Distillery.
 10027 | D:7      | Found Lefodunk's Weapon Shoppe.
 10035 | D:7      | Bought a potion of curing for 36 gold pieces
 10035 | D:7      | Bought a potion of magic for 96 gold pieces
 10035 | D:7      | Bought a potion of might for 48 gold pieces
 11538 | D:7      | Found a runed translucent door.
 11539 | D:7      | Noticed Crazy Yiuf
 12164 | D:8      | Found Nang's Changing Room.
 12174 | D:8      | Reached XP level 10. HP: 50/50 MP: 13/22
 12393 | D:8      | Noticed Gastronok
 12404 | D:8      | Killed Gastronok
 12405 | D:8      | Reached skill level 15 in Air Magic
 13265 | D:9      | Found a staircase to the Lair.
 13285 | D:9      | Found a snail-covered altar of Cheibriados.
 14525 | D:9      | Found an ancient bone altar of Kikubaaqudgha.
 14800 | D:9      | Found an iron altar of Okawaru.
 14800 | D:9      | Found a hide-covered altar of Uskayaw.
 15381 | D:10     | Entered Level 10 of the Dungeon
 15388 | D:10     | Noticed a gargoyle
 15389 | D:10     | Noticed a two-headed ogre
 15391 | D:10     | Killed a gargoyle
 15402 | D:10     | Killed a two-headed ogre
 15403 | D:10     | Reached skill level 10 in Spellcasting
 15403 | D:10     | Reached skill level 16 in Air Magic
 15403 | D:10     | Reached XP level 11. HP: 54/54 MP: 2/26
 16323 | D:10     | Noticed Joseph
 16958 | D:10     | Killed Joseph
 17877 | D:10     | Noticed Erica
 17881 | D:10     | Killed Erica
 18176 | D:10     | Identified the +5 ring mail "Rerypiko" {Harm Will++ Regen+
                  | Str-2 Slay-2}
 18204 | D:11     | Noticed a manticore
 18209 | D:11     | Killed a manticore
 18545 | D:11     | Noticed a brown ugly thing
 18550 | D:11     | Killed a brown ugly thing
 18714 | D:11     | Reached skill level 17 in Air Magic
 19585 | D:11     | Reached skill level 1 in Fighting
 20297 | D:11     | Reached XP level 12. HP: 62/62 MP: 12/29
 20657 | D:12     | Noticed a boulder beetle
 20670 | D:12     | Killed a boulder beetle
 20919 | D:12     | Noticed Frances
 20928 | D:12     | Killed Frances
 21306 | Lair:1   | Entered Level 1 of the Lair of Beasts
 21504 | Lair:1   | Noticed an eight-headed hydra
 21519 | Lair:1   | Killed an eight-headed hydra
 21762 | D:9      | Reached skill level 5 in Dodging
 24065 | Lair:2   | Reached skill level 5 in Fighting
 24569 | Lair:2   | Reached XP level 13. HP: 59/73 MP: 16/31
 24991 | Lair:2   | You are sucked into a shaft and drop 1 floor!
 25458 | Lair:3   | Found a hole to the Spider Nest.
 25723 | Lair:3   | Learned a level 4 spell: Summon Lightning Spire
 25729 | Lair:3   | Learned a level 5 spell: Lightning Bolt
 26646 | Lair:3   | Found a staircase to the Shoals.
 27096 | Lair:4   | Found a staircase to the Slime Pits.
 27097 | Lair:4   | Found a viscous altar of Jiyva.
 27555 | Lair:4   | Identified a scroll of acquirement
 27564 | Lair:4   | Acquired the ring "Wuechucala" {rPois rF+ Int+6 Dex+2
                  | Stlth+}
 27953 | Lair:4   | Identified the +0 leather armour of Jigsaw {rF+ SInv}
 28264 | Lair:5   | Entered Level 5 of the Lair of Beasts
 28908 | Lair:5   | Noticed a dire elephant
 28908 | Lair:5   | Noticed a dire elephant
 28908 | Lair:5   | Noticed a dire elephant
 28909 | Lair:5   | Noticed a dire elephant
 28923 | Lair:5   | Killed a dire elephant
 28924 | Lair:5   | Reached skill level 15 in Spellcasting
 30205 | D:12     | Reached XP level 14. HP: 83/83 MP: 30/34
 31752 | D:12     | Found a staircase to the Orcish Mines.
 32124 | D:12     | Identified the +3 glaive of the Common Good {freeze, Int+3}
 32814 | D:13     | Identified the ring of Immorality {rElec SInv}
 32936 | D:13     | Reached skill level 1 in Shields
 33071 | D:13     | Found a gate to the Vaults.
 33125 | D:13     | Noticed Jorgrun
 33130 | D:13     | Killed Jorgrun
 34108 | D:11     | Learned a level 5 spell: Silence
 34227 | D:14     | Reached skill level 10 in Dodging
 35448 | D:14     | Identified the +3 ring mail of Surprise {Harm Str-5 Dex+6}
 35732 | Orc:1    | Entered Level 1 of the Orcish Mines
 36825 | Orc:1    | Noticed an orc warlord
 36832 | Orc:1    | Killed an orc warlord
 36833 | Orc:1    | Reached XP level 15. HP: 85/90 MP: 22/36
 37148 | Orc:2    | Entered Level 2 of the Orcish Mines
 37148 | Orc:2    | Found a staircase to the Elven Halls.
 37265 | Orc:2    | Noticed an orc warlord
 37276 | Orc:2    | Killed an orc warlord
 37921 | Orc:2    | Noticed an orc warlord
 37930 | Orc:2    | Killed an orc warlord
 37931 | Orc:2    | Reached skill level 18 in Air Magic
 38522 | Orc:2    | Noticed an orc warlord
 38532 | Orc:2    | Killed an orc warlord
 38964 | Orc:2    | Got the Octavo of the Inferno and the Mortuary
 40511 | Orc:2    | Found Voasmaud's Magic Scroll Emporium.
 40511 | Orc:2    | Found Nogrett's Antique Armour Boutique.
 40511 | Orc:2    | Found Arydu's Armour Shop.
 40514 | Orc:2    | Found Fadui's Book Shoppe.
 40518 | Orc:2    | Bought a scroll of teleportation for 36 gold pieces
 40536 | Orc:2    | Bought a scroll of identify for 24 gold pieces
 40538 | Orc:2    | Bought ichor-stained swamp dragon scales for 1320 gold
                  | pieces
 40538 | Orc:2    | Identified the +1 swamp dragon scales of Rudiherau {rPois
                  | rN+ rCorr Slay-5} (You bought it in a shop on level 2 of
                  | the Orcish Mines)
 40538 | Orc:2    | Bought a pair of blackened gloves for 228 gold pieces
 40538 | Orc:2    | Identified the -1 pair of gloves "Otayz" {rElec rC- Will+
                  | Int+4} (You bought it in a shop on level 2 of the Orcish
                  | Mines)
 40552 | Orc:2    | Bought a book of the Spheres for 756 gold pieces
 40552 | Orc:2    | Bought a book of Annihilations for 840 gold pieces
 40847 | D:15     | Entered Level 15 of the Dungeon
 41221 | D:15     | Acquired 1057 gold pieces
 41289 | D:15     | Reached skill level 1 in Evocations
 41486 | D:15     | Reached skill level 5 in Shields
 41487 | D:15     | Reached skill level 10 in Fighting
 41504 | D:15     | Noticed Rupert
 41518 | D:15     | Killed Rupert
 41880 | D:15     | Found the +18 shield of the Gong {rElec rN+ Will+ EV-5}
 42307 | D:15     | Found a staircase to the Depths.
 43708 | Lair:5   | Reached XP level 16. HP: 68/98 MP: 3/38
 44167 | Lair:5   | Got the Secrets of Sinister Rituals
 44175 | Lair:5   | Learned a level 6 spell: Conjure Ball Lightning
 44785 | Elf:1    | Entered Level 1 of the Elven Halls
 45049 | Shoals:1 | Entered Level 1 of the Shoals
 45674 | Shoals:1 | Reached skill level 1 in Staves
 46686 | Shoals:2 | Reached skill level 19 in Air Magic
 46912 | Shoals:2 | Noticed Polyphemus
 47458 | Shoals:2 | Killed Polyphemus
 48926 | Shoals:3 | Noticed Ilsuiw
 48928 | Shoals:3 | HP: 4/99 [merfolk/boomerang[a merfolk javelineer] (13)]
 48930 | Shoals:3 | Found Qopaubene's Specific Store.
 48933 | Shoals:3 | Hit by a silver javelin thrown by a merfolk javelineer

Illustrated notes

Levels and vault maps discovered:
D:1:      ldierk_water_garden, layout_loops_corners, dk_noncrumbling_2
D:2:      layout_basic, nicolae_ecumenical_pavilion, basic_altar,
          kennysheep_generic_room_13
D:3:      minmay_chambers_of_threes, layout_loops_ring, marbit_many_paths,
          ebering_ghost_disaster_area
D:4:      layout_basic, serial_shops, shop, minmay_manual_maat
D:5:      layout_loops_corners, nicolae_hepliaklqana_hippocampus,
          lightli_sewer_entry_pipes, guppyfry_early_orc_mine
D:6:      layout_cave_pools, minmay_temple_entry_hall, serial_shops,
          nicolae_stop_n_shop_1, uniq_eustachio
D:7:      layout_loops_cross, zin_treasury, nicolae_wooded_promenade,
          uniq_crazy_yiuf_cottage
D:8:      layout_rooms, nicolae_transmutations_shop, uniq_gastronok
D:9:      layout_grid_maze, mainiacjoe_overflow_catwalk_spiral, slow_altar_1,
          lemuel_tele_altar, lair_entry_dummy, chequers_serial_rivers_micro_e
D:10:     layout_rooms, enter_bailey_3, uniq_joseph, uniq_erica
D:11:     minmay_skewed_foursquare, layout_gridville, palyth_stone_intersect,
          nrook_guardian_serpent_ordinary
D:12:     layout_irregular_city, orc_0_dummy, dreamdust_wasp_nest, uniq_frances
D:13:     layout_stronghold, hangedman_vaults_entry_quadrant_bands, uniq_jorgrun
D:14:     layout_cave_pools, chequers_serial_rivers_micro_a,
          serial_column_ruins, column_ruins_courtyard_long,
          column_ruins_open_small, column_ruins_open_small_water,
          column_ruins_open_tiny, column_ruins_open_tiny
D:15:     grunt_enter_depths_snipers, layout_small_grid,
          hellmonk_guarded_unrand_gong, uniq_rupert
Temple:   hellmonk_temple_of_storms
Lair:1:   layout_chaotic_city, portal_ice_cave_entry_imps, minivault_19,
          grunt_megastairs_1
Lair:2:   layout_gridlike, eino_small_chamber_without_monster,
          beast_lair_carwin_2, lemuel_fruit_tree, grunt_megastairs_4
Lair:3:   layout_cave_shapes, elwin_shoals_entry_stream,
          spider_nest_entry_web_field, st_stairs_6,
          chequers_serial_rivers_marsh, chequers_serial_rivers_micro_d,
          infiniplex_staircase_pool
Lair:4:   layout_cave_pods, slime_entry_1
Lair:5:   due_jungle_book, layout_long_grid
Shoals:1: layout_shoals, nicolae_shoals_water_elemental_grotto
Shoals:2: layout_shoals, uniq_polyphemus
Shoals:3: layout_shoals, nicolae_specific_store, st_sunken_huts, uniq_ilsuiw
Orc:1:    layout_caves
Orc:2:    st_orc_rangers, layout_caves, minmay_orc_treasury
Elf:1:    elf_arrival_002, layout_geoelf_octagon, minmay_elf_sorcery,
          uniq_roxanne

Skill      XL: |  1  2  3  4  5  6  7  8  9 10 11 12 13 14 15 16 |
---------------+-------------------------------------------------+-----
Air Magic      | 5 6 7 8 10 12 13 14 16 17 18 19 | 19.1
Spellcasting   | 4 7 10 12 13 15 16 17 | 17.3
Fighting       | 2 5 7 9 10 | 10.9
Dodging        | 3 6 8 10 11 12 | 12.0
Shields        | 3 5 6 |  6.3
Evocations     | 3 4 |  4.4
Staves         | 4 |  4.1
Stealth        | |  2.0
Conjurations   | |  1.3

Action                   |  1- 3 |  4- 6 |  7- 9 | 10-12 | 13-15 | 16-18 || total
-------------------------+-------+-------+-------+-------+-------+-------++-------
Melee: Unarmed           |    16 |       |       |       |       |       ||    16
       Kick              |    11 |     1 |     7 |     3 |     6 |     1 ||    29
       Peck              |     4 |     1 |     4 |     2 |     8 |       ||    19
       Staff             |    12 |       |       |       |       |     1 ||    13
       Whip              |     5 |       |       |       |       |       ||     5
       Dagger            |       |    11 |    27 |       |       |       ||    38
       Glaive            |       |       |       |     9 |    28 |       ||    37
 Cast: Shock             |    72 |    74 |   110 |       |     1 |       ||   257
       Static Discharge  |       |     8 |    25 |    14 |    21 |     1 ||    69
       Airstrike         |       |       |    90 |   339 |   607 |   175 ||  1211
       Summon Lightning  |       |       |       |       |    78 |    18 ||    96
       Lightning Bolt    |       |       |       |       |     6 |     6 ||    12
Invok: Potion Petition   |       |       |       |     1 |     5 |     3 ||     9
Evoke: Wand              |       |       |     2 |    11 |     5 |       ||    18
       Tin of tremorston |       |       |       |       |     2 |       ||     2
  Use: Scroll            |       |       |     9 |     2 |    32 |     7 ||    50
       Potion            |       |       |     2 |     3 |     4 |       ||     9
 Stab: Distracted        |       |       |       |       |     1 |       ||     1
Armor: Robe              |     8 |     4 |     7 |    27 |    29 |     8 ||    83
Dodge: Dodged            |    27 |    13 |    32 |    86 |   212 |    53 ||   423
